 Dungeon Crawl Stone Soup version 0.26.0-7-g794d0892b4 (webtiles) character file.

Game seed: 13140607017874181690

38 jackrogers the Ruffian (level 3, -5/31 HPs)
             Began as a Ghoul Monk on Jan 12, 2021.
             Slain by Sigmund
             ... wielding a +0 scythe
              (8 damage)
             ... on level 2 of the Dungeon.
             The game lasted 00:01:16 (914 turns).

jackrogers the Ruffian (Ghoul Monk)                  Turns: 914, Time: 00:01:17

Health: -5/31      AC:  2    Str: 15    XL:     3   Next: 43%
Magic:  2/2        EV: 12    Int:  5    God:
Gold:   37         SH:  0    Dex: 11    Spells: 2/2 levels left

rFire    . . .     SeeInvis .     - Unarmed
rCold    + . .     Faith    .   (no shield)
rNeg     + + +     Spirit   .   a - +0 robe
rPois    ∞         Reflect  .   (no helmet)
rElec    .         Harm     .   (no cloak)
rCorr    .         Rampage  .   (no gloves)
Will     .....                  (no boots)
Stlth    +.........             (no amulet)
HPRegen  0.00/turn              (no ring)
MPRegen  0.08/turn              (no ring)

@: confused, hasted, very quick
A: claws 1, cold resistance 1, negative energy resistance 3, inhibited
regeneration, torment resistance, unbreathing
a: no special abilities


You were on level 2 of the Dungeon.
You visited 1 branch of the dungeon, and saw 2 of its levels.

You collected 37 gold pieces.

Inventory:

Armour
 a - a +0 robe (worn)
 d - a +0 cloak
   (You found it on level 1 of the Dungeon)
Scrolls
 e - a scroll of remove curse
Potions
 b - 2 potions of resistance
 f - a potion of haste


   Skills:
 - Level 3.2 Fighting
 - Level 2.6 Dodging
 - Level 2.1 Stealth
 + Level 4.8 Unarmed Combat


You had 2 spell levels left.
You didn't know any spells.
Your spell library was empty.

Dungeon Overview and Level Annotations

Branches:
Dungeon (2/15)

Altars:

Annotations:
D:2 Sigmund


Innate Abilities, Weirdness & Mutations

You thrive by killing the living.
You are immune to poison.
You have sharp fingernails.
Your flesh is cold resistant. (rC+)
You are immune to negative energy. (rN+++)
You do not regenerate when monsters are visible.
You are immune to unholy pain and torment.
You can survive without breathing.


Message History

You kill the goblin!
You see here a leather armour.
k - a scroll labelled OHEEBLAB VOMEDUBI You see here a leather armour.
There is an open door, spattered with blood here.
You see here a bat skeleton.
You open the door.
There is an open door here.
There is an open door here.
There is an open door here.
You see here a cursed -1 dagger.
You open the door.
There is an open door here.
A hobgoblin comes into view. It is wielding a +0 club.
A hobgoblin is nearby!
A hobgoblin is nearby!
The helpless hobgoblin fails to defend itself.
You claw the hobgoblin!
You kill the hobgoblin!
No target in view!
No target in view!
No target in view!
You see here a +0 club.
l - a scroll labelled ZOUGERR NENUESM Done exploring.
Done exploring.
Done exploring.
Done exploring.
No target in view!
As you read the scroll labelled BILUCE PUOR, it crumbles to dust.
You hear a loud clanging noise!
It was a scroll of noise.
As you read the scroll labelled NAER OCLEKH, it crumbles to dust.
You assume a fearsome visage.
Nothing appears to happen.
It was a scroll of fear.
As you read the scroll labelled OHEEBLAB VOMEDUBI, it crumbles to dust.
You feel strangely unstable.
It was a scroll of teleportation.
As you read the scroll labelled QEATUO HESU, it crumbles to dust.
The scroll dissolves into smoke.
It was a scroll of fog.
As you read the scroll labelled TOERCH MIWEEFOU, it crumbles to dust.
It is a scroll of identify.
f - 2 potions of haste
As you read the scroll of identify, it crumbles to dust.
b - 2 potions of resistance Your surroundings suddenly seem different.
As you read the scroll of identify, it crumbles to dust.
c - a potion of ambrosia
As you read the scroll labelled VADORI CISIZOO, it crumbles to dust.
It is a scroll of enchant weapon.
You aren't carrying any weapons that can be enchanted.
As you read the scroll labelled ZOUGERR NENUESM, it crumbles to dust.
You feel blessed for a moment.
It was a scroll of remove curse.
Unknown command.
Done exploring.
Done exploring.
Done exploring.
Done exploring.
(D) Dungeon
Where to? (? - help)
There is an open door here.
There is a stone staircase leading down here.
You climb downwards.
An adder comes into view.
There is a stone staircase leading up here.
Unknown command.
An adder is nearby!
You barely miss the adder. The adder barely misses you.
You barely miss the adder.
The adder bites you but does no damage. x2
You scratch the adder. The adder bites you.
You claw the adder!
You kill the adder!
No target in view!
No target in view!
e - a scroll of remove curse
Found a stone staircase leading down.
Found a stone staircase leading down.
Sigmund the Dreaded comes into view.
He is wielding a +0 scythe and carrying a wand of random effects (12).
Sigmund shouts!
Spoiler Alert: Sigmund can cast Slow, Confuse, Throw Flame, and go Invisible!
Sigmund gestures at you while chanting. The magic dart hits you!
You start resting.
Sigmund is nearby!
Sigmund gestures at you while chanting. The puff of flame hits you!
Spoiler Alert: Sigmund can cast Slow, Confuse, Throw Flame, and go Invisible!
You claw Sigmund! Sigmund closely misses you.
You scratch Sigmund. You closely miss Sigmund.
Sigmund points at you and mumbles some strange words.
The magic dart hits you.
You claw Sigmund! Sigmund hits you with a +0 scythe!
* * * LOW HITPOINT WARNING * * *
Spoiler Alert: Sigmund can cast Slow, Confuse, Throw Flame, and go Invisible!
You barely miss Sigmund. Sigmund closely misses you.
You feel yourself speed up.
You are confused.
You feel invigorated. Sigmund hits you with a +0 scythe!
You die...

#..†..<# ######## #......#
#......#########......#
####...>.................#
...........########......#
####........### ####.###
###.####...#######..####
#.# ###...@.........#
.......# ######@.........#
.......# #...............#
.......#
#...####.........#
..>.....[.. #.........#
@......## ###########
.......? ......#.


You could see Sigmund.

Vanquished Creatures
  An adder (D:2)
  2 dart slugs (D:1)
  A leopard gecko (D:1)
  4 bats (D:1)
  A goblin (D:1)
  4 hobgoblins (D:1)
  4 jackals (D:1)
  A kobold (D:1)
  A frilled lizard (D:1)
  3 rats (D:1)
22 creatures vanquished.

Notes
Turn   | Place    | Note
-------+----------+-------------------------------------------
     0 | D:1      | jackrogers the Ghoul Monk began the quest for the Orb.
     0 | D:1      | Reached XP level 1. HP: 19/19 MP: 0/0
    73 | D:1      | Reached XP level 2. HP: 21/26 MP: 1/1
   206 | D:1      | Reached skill level 4 in Unarmed Combat
   500 | D:1      | Reached XP level 3. HP: 15/31 MP: 2/2
   888 | D:2      | Noticed Sigmund
   911 | D:2      | HP: 1/31 [Sigmund/+0 scythe (9)]
   914 | D:2      | Slain by Sigmund

Illustrated notes

Levels and vault maps discovered:
D:1:      zaba_arrival_water, layout_basic
D:2:      layout_rooms, grunt_temple_overflow_opulence, minmay_misc_feat_plants,
          uniq_crazy_yiuf_cottage, uniq_sigmund

Skill      XL: |  1  2 |
---------------+-------+-----
Unarmed Combat | 4 |  4.8
Fighting       | |  3.2
Dodging        | |  2.6
Stealth        | |  2.1

Action                   || total
-------------------------++-------
Melee: Unarmed           ||    73
       Punch             ||     1
  Use: Scroll            ||     9
       Potion            ||     2
 Stab: Sleeping          ||     4
Armor: Robe              ||    15
Dodge: Dodged            ||    41

Table legend: (Time is in decaauts)
 A = Elapsed time spent in this place.
 B = Non-inter-level travel time spent in this place.
 C = Inter-level travel time spent in this place.
 D = Time resting spent in this place.
 E = Time spent auto-exploring this place.
 F = Levels seen in this place.
 G = Mean time per level.
                   A        B        C        D        E       F      G
               +--------+--------+--------+--------+--------+-----+--------+
         Total |    916 |    912 |      4 |    152 |    596 |   2 |  458.0 |
       Dungeon |    916 |    912 |      4 |    152 |    596 |   2 |  458.0 |
               +--------+--------+--------+--------+--------+-----+--------+

Top non-repeatable levels by time:
     D:1: 832 daAuts
     D:2: 84 daAuts

Table legend:
 A = Kills in this place as a percentage of kills in entire the game.
 B = Kills by you in this place as a percentage of kills by you in the entire game.
 C = Kills by friends in this place as a percentage of kills by friends in the entire game.
 D = Other kills in this place as a percentage of other kills in the entire game.
 E = Experience gained in this place as a percentage of experience gained in the entire game.
 F = Experience gained in this place divided by the number of levels of this place that you have seen.
                   A       B       C       D       E      F
               +-------+-------+-------+-------+-------+----------------------
         Total | 100.0 | 100.0 |   N/A |   N/A | 100.0 |  27.5
       Dungeon | 100.0 | 100.0 |   N/A |   N/A | 100.0 |  27.5
               +-------+-------+-------+-------+-------+----------------------
